 Dungeon Crawl Stone Soup version 0.31-a0-174-g85c54bcb58 (webtiles) character file.

Game seed: 4476284905926909701

93 qw the Chopper (level 4, -6/28 HPs)
             Began as a Gargoyle Fighter on June 15, 2023.
             Killed by divine providence
             ... invoked by an orc priest
              (12 damage)
             ... on level 3 of the Dungeon.
             The game lasted 00:00:56 (2295 turns).

qw the Chopper (Gargoyle Fighter)                   Turns: 2295, Time: 00:00:56

Health: -6/28      AC: 23    Str: 21    XL:     4   Next: 61%
Magic:  4/4        EV:  9    Int:  9    God:
Gold:   140        SH:  4    Dex:  9    Spells: 3/3 levels left

rFire   . . .        Y - +0 war axe (protect)
rCold   . . .        c - +0 buckler
rNeg    + . .        b - +0 scale mail
rPois   inf          g - +2 hat
rElec   +            (no cloak)
rCorr   .            (no gloves)
SInv    .            (no boots)
Will    .....        (no amulet) Stlth
                     i - +4 ring of protection
HPRegen 0.24/turn    (no ring)
MPRegen 0.09/turn

%: no passive effects
@: under a protective aura
A: sickness immunity, AC +3, negative energy resistance 1, electricity
resistance, torment resistance 1, petrification resistance
a: no special abilities


You were on level 3 of the Dungeon.
You visited 1 branch of the dungeon, and saw 3 of its levels.

You collected 140 gold pieces.


Innate Abilities, Weirdness & Mutations

You are immune to sickness and miasma.
Your stone body is resilient. (AC +3)
You are immune to poison.
You resist negative energy. (rN+)
You are resistant to electric shocks. (rElec)
You are resistant to unholy torment.
You are immune to petrification.


   Skills:
 - Level 3.2 Fighting
 + Level 4.2 Axes
 - Level 3.2 Armour
 - Level 3.2 Shields


You had 3 spell levels left.
You didn't know any spells.
Your spell library was empty.

Inventory:

Hand Weapons
 m - a +0 mace
 Y - a +0 war axe of protection (weapon)
Armour
 a - a +0 chain mail
 b - a +0 scale mail (worn)
 c - a +0 buckler (worn)
 g - a +2 hat (worn)
Jewellery
 i - a +4 ring of protection (left hand)
Scrolls
 h - a scroll of identify
 j - a scroll of enchant armour {unknown}
Potions
 d - a potion of might
 e - a potion of degeneration {unknown}
 f - a potion of brilliance {unknown}
 l - a potion of resistance {unknown}

Dungeon Overview and Level Annotations

Branches:
Dungeon (3/15)

Altars:
Trog


Message History

The orc closely misses you.
You slash the orc!
Your weapon exudes an aura of protection.
You kill the orc!
You barely miss the orc.
The orc priest looks satisfied for a moment.
You hit the orc.
The orc is lightly wounded.
The orc hits you but does no damage. x2
The orc priest casts a cantrip, but nothing happens.
You hit the orc.
The orc is severely wounded.
You closely miss the orc priest. The orc barely misses you.
The orc priest hits you but does no damage.
You barely miss the orc.
The orc is severely wounded.
You barely miss the orc priest.
The orc priest hits you but does no damage.
The orc hits you but does no damage.
You closely miss the orc.
The orc is severely wounded.
You barely miss the orc priest.
The orc priest hits you but does no damage.
The orc hits you but does no damage. x2
The orc priest mumbles some strange prayers to Beogh against you.
Beogh smites you!
You slash the orc!
You kill the orc!
You closely miss the orc priest. The orc priest misses you.
You barely miss the orc priest. The orc priest barely misses you.
You hit the orc priest.
The orc priest is lightly wounded.
The orc priest mumbles some strange prayers to Beogh against you.
Beogh smites you!
The orc priest mumbles some strange prayers to Beogh against you.
Beogh smites you!
You die...

#...###.##. #...#...%..
######...#.#.###
.........#.#....
.........#.#....
........##[#....
############.##.#....
#...)......(.##.#.###
#..o@##########.#.###
......)...............>#
###.....#..........###.#
##....#.######...# #.#
####.. # #...# #.# #.#.
#...# #.# #.#.. #...#
#.# ..# #. #...# #.# #..
#...# #.#


You could see an orc priest.

Vanquished Creatures
  4 adders
  2 dart slugs (D:2)
  3 orcs (D:3)
  5 bats
  8 endoplasms
  A giant cockroach (D:2)
  3 goblins
  7 hobgoblins
  2 quokkas
  A ball python (D:1)
  9 frilled lizards
  2 kobolds
  3 rats
50 creatures vanquished.

Notes
Turn   | Place    | Note
-------+----------+-------------------------------------------
     0 | D:1      | qw the Gargoyle Fighter began the quest for the Orb.
     0 | D:1      | Reached XP level 1. HP: 14/14 MP: 1/1
     0 | D:1      | 0 ||| qw: Version: 0.2-a-29-g511e9b1
     0 | D:1      | 0 ||| qw: Game counter: 5239
     0 | D:1      | 0 ||| qw: Always use a shield: true
     0 | D:1      | 0 ||| qw: God list: Okawaru
     0 | D:1      | 0 ||| qw: Allow faded altars: false
     0 | D:1      | 0 ||| qw: Do Orc after D:15 true
     0 | D:1      | 0 ||| qw: Do second Lair branch before Depths: true
     0 | D:1      | 0 ||| qw: Lair rune preference: random
     0 | D:1      | 0 ||| qw: Plans: Normal, Zot:1-4, Slime:5, God:TSO, Crypt,
                  | Tomb, Abyss, Pan, Hells, Win
     0 | D:1      | 0 ||| PLANNING D:1-11
    54 | D:1      | Reached skill level 2 in Axes
   289 | D:1      | 289 ||| Stepping ~*~*~tactically~*~*~ (stealth).
   302 | D:1      | Reached XP level 2. HP: 19/19 MP: 2/2
   522 | D:1      | Found a faded altar of an unknown god.
   789 | D:1      | 789 ||| UPGRADING to +4 ring of protection.
   790 | D:1      | 790 ||| DROPPING ring of flight.
   791 | D:1      | 791 ||| READING scroll labelled HUTRIYCEYSS.
   792 | D:1      | 792 ||| READING scroll labelled RUURAS QETE.
   793 | D:1      | 793 ||| DRINKING 2 fizzy amethyst potions.
   794 | D:1      | 794 ||| DROPPING potion of invisibility.
   830 | D:2      | Reached skill level 3 in Axes
   855 | D:2      | 855 ||| Stepping ~*~*~tactically~*~*~ (stealth).
   862 | D:2      | Reached XP level 3. HP: 23/23 MP: 3/3
  1014 | D:2      | 1014 ||| Stepping ~*~*~tactically~*~*~ (stealth).
  1015 | D:2      | Found a bloodstained altar of Trog.
  1016 | D:2      | 1016 ||| Stepping ~*~*~tactically~*~*~ (hiding).
  1108 | D:2      | 1108 ||| Stepping ~*~*~tactically~*~*~ (hiding).
  1219 | D:2      | 1219 ||| Stepping ~*~*~tactically~*~*~ (stealth).
  1246 | D:2      | 1246 ||| Stepping ~*~*~tactically~*~*~ (stealth).
  1247 | D:2      | 1247 ||| Stepping ~*~*~tactically~*~*~ (stealth).
  1401 | D:2      | Reached XP level 4. HP: 28/28 MP: 4/4
  1504 | D:2      | 1504 ||| Stepping ~*~*~tactically~*~*~ (stealth).
  1506 | D:2      | 1506 ||| Stepping ~*~*~tactically~*~*~ (hiding).
  1552 | D:2      | Reached skill level 4 in Axes
  1850 | D:2      | 1850 ||| UPGRADING to +2 hat.
  1855 | D:2      | 1855 ||| READING scroll labelled NIMIDWE SILI.
  1856 | D:2      | 1856 ||| READING scroll labelled DEFROSTRE BETENG.
  2295 | D:3      | HP: 6/28 [orc priest/divine providence (11)]
  2295 | D:3      | Killed from afar by an orc priest

Levels and vault maps discovered:
D:1:      nicolae_arrival_washed_ashore, layout_loops_ring,
          chequers_ecumenical_altar_grove, minmay_lizard_pond
D:2:      layout_loops_corners, basic_altar, roderic_roman_lattice
D:3:      layout_basic, uniq_crazy_yiuf_cottage

Skill      XL: |  1  2  3  4 |
---------------+-------------+-----
Axes           | 2 3 4 |  4.2
Fighting       | |  3.2
Armour         | |  3.2
Shields        | |  3.2

Action                     |  1- 3 |  4- 6 || total
---------------------------+-------+-------++-------
  Melee: War axe           |    93 |    46 ||   139
    Use: Scroll            |     2 |     2 ||     4
         Potion            |     1 |       ||     1
 Armour: Scale mail        |    50 |    26 ||    76
  Dodge: Dodged            |    44 |    14 ||    58
  Block: Buckler           |    14 |     5 ||    19

Table legend:
 A = Non-vault XP
 B = Vault XP
 C = Vault XP percentage of total XP
 D = Non-vault monster count
 E = Vault monster count
 F = Vault count percentage of total count
                 A         B        C        D         E       F
            +---------+---------+-------+---------+---------+-------
      Total |     127 |       6 |   4.5 |      44 |       6 |  12.0
            +---------+---------+-------+---------+---------+-------
        D:1 |      23 |       6 |  20.7 |      14 |       6 |  30.0
        D:2 |      71 |       0 |   0.0 |      20 |       0 |   0.0
        D:3 |      33 |       0 |   0.0 |      10 |       0 |   0.0
            +---------+---------+-------+---------+---------+-------
